 Dungeon Crawl Stone Soup version 0.29.1-1-gd02db6906a (webtiles) character file.

Game seed: 5642766960744820475

7 funnyparkerb the Slasher (level 2, -4/24 HPs)
             Began as a Formicid Monk on Oct 20, 2022.
             Slain by a quokka (5 damage)
             ... on level 1 of the Dungeon.
             The game lasted 00:00:23 (201 turns).

funnyparkerb the Slasher (Formicid Monk)             Turns: 201, Time: 00:00:24

Health: -4/24      AC:  2    Str: 15    XL:     2   Next: 5%
Magic:  2/2        EV: 13    Int:  9    God:
Gold:   6          SH:  0    Dex: 16    Spells: 1/1 levels left

rFire   . . .      SeeInvis +   a - +0 falchion
rCold   . . .      Faith    +   (no shield)
rNeg    . . .      Spirit   .   b - +0 robe
rPois   .          Reflect  .   (helmet unavailable)
rElec   .          Harm     .   (no cloak)
rCorr   .          Rampage  .   (no gloves)
Will    .....                   (no boots)
Stlth   ++........              d - amulet of faith
HPRegen 0.08/turn               (no ring)
MPRegen 0.08/turn               (no ring)

@: no status effects
A: permanent stasis, dig shafts and tunnels, antennae 3, four strong arms
a: Dig, Shaft Self


You were on level 1 of the Dungeon.
You visited 1 branch of the dungeon, and saw 1 of its levels.

You collected 6 gold pieces.

Inventory:

Hand Weapons
 a - a +0 falchion (weapon)
Armour
 b - a +0 robe (worn)
Jewellery
 d - an amulet of faith (around neck)
Scrolls
 f - a scroll of teleportation {unknown}
 g - a scroll of identify {unknown}
Potions
 c - a potion of ambrosia
 e - a potion of might {unknown}


   Skills:
 - Level 3.2 Fighting
 + Level 3.5 Long Blades
 - Level 2.6 Dodging
 - Level 2.4 Stealth


You had one spell level left.
You didn't know any spells.
Your spell library was empty.

Dungeon Overview and Level Annotations

Branches:
Dungeon (1/15)

Altars:


Innate Abilities, Weirdness & Mutations

You cannot be hasted, slowed, berserked, paralysed or teleported.
You can dig through walls and to a lower floor.
You have a pair of large antennae on your head. (SInv)
Your four strong arms can wield two-handed weapons with a shield.


Message History

You are too injured to fight recklessly!
You are too injured to fight recklessly!
You are too injured to fight recklessly!
You are too injured to fight recklessly!
You are too injured to fight recklessly!
You are too injured to fight recklessly!
You slash the rat!
You kill the rat!
The quokka bites you but does no damage.
You closely miss the quokka. The quokka misses you.
You closely miss the quokka. The quokka barely misses you.
You closely miss the quokka. The quokka misses you.
You miss the quokka. The quokka completely misses you. The quokka bites you.
You closely miss the quokka. The quokka barely misses you.
You hit the quokka but do no damage. The quokka bites you.
* * * LOW HITPOINT WARNING * * *
You hit the quokka.
The quokka is severely wounded.
The quokka closely misses you. The quokka misses you.
You miss the quokka.
The quokka is severely wounded.
The quokka barely misses you.
You closely miss the quokka.
The quokka is severely wounded.
The quokka bites you.
* * * LOW HITPOINT WARNING * * *
The quokka twitches its whiskers.
The quokka barely misses you.
You completely miss the quokka.
The quokka is severely wounded.
The quokka barely misses you.
You hit the quokka but do no damage.
The quokka is severely wounded.
The quokka closely misses you.
You barely miss the quokka.
The quokka is severely wounded.
The quokka bites you.
* * * LOW HITPOINT WARNING * * *
The quokka bites you.
You die...

#####.#.#. .....# #.#.# .....#
#.#.# { .....####.#.#
............# .....####.####
.....# #.....
##########.....## ######
#......@r........ #...#
#######.##################.#.#
........................##...#
#######.###############.#....#
............... ...####.#....#
.######...##### #............
#..... ......#.###### #......
.............. #...####
#####....#####


You could see a quokka.

Vanquished Creatures
  A dart slug (D:1)
  An endoplasm (D:1)
  A hobgoblin (D:1)
  A frilled lizard (D:1)
  A rat (D:1)
5 creatures vanquished.

Notes
Turn   | Place    | Note
-------+----------+-------------------------------------------
     0 | D:1      | funnyparkerb the Formicid Monk began the quest for the Orb.
     0 | D:1      | Reached XP level 1. HP: 18/18 MP: 1/1
   184 | D:1      | Reached XP level 2. HP: 13/24 MP: 2/2
   201 | D:1      | HP: 1/24 [quokka (4)]
   201 | D:1      | Slain by a quokka

Illustrated notes

Levels and vault maps discovered:
D:1:      minmay_arrival_hallway, layout_basic,
          hellmonk_ecumenical_altar_crossroads

Action                   || total
-------------------------++-------
Melee: Falchion          ||    27
Armor: Robe              ||     4
Dodge: Dodged            ||    22
